[Event "FIDE Candidates Tournament 2022"]
[Site "Madrid"]
[Date "2022.06.17"]
[Round "1.2"]
[White "Ding, Liren"]
[Black "Nepomniachtchi, Ian"]
[Result "0-1"]
[ECO "A20"]
[WhiteElo "2806"]
[BlackElo "2773"]
[Annotator "TA"]
[PlyCount "64"]
[EventDate "2022.06.17"]
[EventType "tourn"]
[EventCountry "ESP"]
[SourceTitle "playchess.com"]
[Source "ChessBase"]
[SourceQuality "1"]
[TimeControl "40/7200:20/3600:900+30"]

1. c4 e5 2. g3 c6 3. Nf3 e4 4. Nd4 d5 5. cxd5 Qxd5 6. Nc2 {[%emt 0:00:00] A20: English Opening: 1...e5.} Nf6 7. Nc3 Qe5 {[%emt 0:00:45] 7...Qe5 scores better than 7...Qh5.} 8. Bg2 {[%emt 0:00:00] The position is equal.} Na6 9. O-O (9. d3 {with more complications.} exd3 10. Qxd3 Nb4 11. Nxb4 Bxb4 12. Bf4) 9... Be7 10. Ne3 O-O {[%emt 0:01:16] [#]} 11. a3 $146 ({Predecessor:} 11. Qc2 Nc5 12. b3 Ne6 13. Bb2 Nd4 14. Qd1 Rd8 15. Re1 Be6 16. Nc4 Qh5 17. Nxe4 Nxe4 18. Bxe4 {1-0 (50) Tyurin,A (2261)-Zemlyanskii,I (2169) Paracin 2022}) 11... Re8 12. b4 Ng4 13. Bb2 Qh5 14. h4 (14. Nxg4 $14 {should be considered.} Bxg4 15. Bxe4) 14... Bf6 15. Qc2 Nxe3 16. dxe3 (16. fxe3 Bf5 17. Rab1 Qg6 $11) 16... Bf5 17. Na4 (17. b5 $5 Nc5 18. bxc6 $11) 17... Bxb2 18. Nxb2 Nc7 19. Nc4 Re6 {[%emt 0:00:48] Inhibits Nd6.} 20. Rfd1 Nd5 {[%emt 0:00:29] And now ...g5 would win.} 21. Rd4 (21. b5 $11) 21... h6 ({Black should try} 21... g5 $1 $17 22. hxg5 (22. Bxe4 Rxe4 23. Rxe4 Qg6 $17) 22... Qxg5) 22. Qd2 (22. Rad1 $11 {remains equal.}) 22... Rae8 $1 $17 23. Kh2 Bg4 24. Na5 (24. Qc2 $142) 24... Rf6 (24... Bxe2 25. Nxb7 Rf6 26. Kg1 $11) ({Better is} 24... g5 $1 25. Rh1 (25. Nxb7 $2 gxh4 26. Kg1 Rg6 $19) 25... gxh4) 25. Kg1 {[%emt 0:00:00] [#]} g5 $1 {[%emt 0:00:35][%cal Bg7g5,Bg5h4,Bh4h3][%mdl 32] Black is more active.} (25... Bxe2 $6 26. Bxe4 Bf3 27. Bc2 $11) (25... Qf5 26. Rf1 $14) 26. Nxb7 $2 {[%emt 0:00:00][%mdl 8192] This move loses the game for White.} (26. b5 $17 {was the crucial defense.} gxh4 27. bxc6 hxg3 28. fxg3) 26... gxh4 $19 27. Nc5 h3 ({Avoid the trap} 27... hxg3 $2 28. fxg3 Bf5 29. Rf1 $19) 28. Rxe4 {[%emt 0:00:00] [#]} (28. Nxe4 $19 Rfe6 29. f3 hxg2 30. Nf2 Nxe3 31. fxg4) 28... hxg2 $1 {[%emt 0:02:54][%csl Gg2][%cal Rh5h1] Black mates.} 29. Rxe8+ (29. Rxg4+ Qxg4) 29... Kg7 30. f4 Qh1+ {[%emt 0:02:30][%mdl 64] Skewer} 31. Kf2 Qxa1 32. Kxg2 {[%emt 0:00:00] [#]} Bh3+ $1 {[%emt 0:00:11][%mdl 512] Weighted Error Value: White=0.44/Black=0.11 (very precise)} 0-1

[Event "FIDE Candidates Tournament 2022"]
[Site "Madrid"]
[Date "2022.06.19"]
[Round "3.1"]
[White "Ding, Liren"]
[Black "Rapport, Richard"]
[Result "1/2-1/2"]
[ECO "D87"]
[WhiteElo "2806"]
[BlackElo "2776"]
[Annotator "TA"]
[PlyCount "80"]
[EventDate "2022.06.17"]
[EventType "tourn"]
[EventCountry "ESP"]
[SourceTitle "playchess.com"]
[Source "ChessBase"]
[SourceQuality "1"]
[TimeControl "40/7200:20/3600:900+30"]

1. d4 Nf6 2. c4 g6 3. Nc3 d5 4. cxd5 Nxd5 5. e4 Nxc3 6. bxc3 Bg7 7. Bc4 c5 8. Ne2 Nc6 9. Be3 O-O 10. O-O b6 11. Rc1 {[%emt 0:02:25] D87: Exchange Grünfeld: Classical Line: Variations without ...cxd4.} Bb7 12. Bb5 $1 {[%emt 0:02:50][%mdl 4] is currently scoring better than 12.Qd2.} Rc8 13. Qd2 cxd4 14. cxd4 Qd6 15. Rfd1 Qb4 16. Qd3 (16. Qxb4 $14 Nxb4 17. Bg5 Nxa2 18. Ra1) 16... e6 $11 17. h4 Rfd8 {[%emt 0:13:09] [#]} ({Black should try} 17... Bf6 $11) 18. Bg5 $146 ({Predecessor:} 18. a3 Qe7 19. Bg5 Bf6 20. Qe3 h6 21. Bxh6 Nxd4 22. Rxc8 Nxe2+ 23. Bxe2 Bxc8 24. h5 Rxd1+ 25. Bxd1 Qd8 26. Bc2 Qc7 27. Bd1 Qd8 28. Bc2 Qc7 29. Bd1 Qd8 {½-½ (29) Giri,A (2764)-Nepomniachtchi,I (2784) chess24.com INT 2020}) 18... Nxd4 {[%emt 0:01:14] Hoping for ...Rxc1.} 19. Bxd8 Rxd8 {[%emt 0:00:24] [#]} 20. h5 $1 Be5 (20... Bf6 21. Nxd4) 21. a4 Kg7 {[%emt 0:09:33] [#]} (21... Rd6 $14 22. Nxd4 Rxd4) 22. Kf1 $1 $16 Nxe2 23. Qxe2 $2 {[%emt 0:00:00] Chess con chili.} (23. Qxd8 $18 {is the precise move to win. Threatens to win with Qg5.} Qxe4 24. Bxe2 (24. h6+ Kxh6 25. Bxe2 Qxg2+ 26. Ke1 Qh1+ 27. Kd2 Bf4+ 28. Kc3 Qc6+ 29. Kb2 Bxc1+ 30. Rxc1 Qe4 $16) 24... Qxg2+ 25. Ke1 Qh1+ 26. Kd2 Bf4+ 27. Kc3 Qc6+ 28. Bc4 Qf3+ 29. Qd3) 23... Rxd1+ 24. Rxd1 a6 (24... Qxe4 25. Qxe4 Bxe4 26. Re1 $18) (24... Bxe4 $2 25. f3 $18) ({Black should play} 24... Bd4) 25. Bxa6 Bxa6 26. Qxa6 Qxe4 {[%emt 0:00:32][%mdl 4096] Endgame KQR-KQB} 27. Re1 ({Don't do} 27. Qxb6 $6 Qxa4 28. Re1 Bd4 $14) (27. hxg6 $18 {is more deadly.} hxg6 28. Qe2 (28. Qxb6 Qxa4 29. Qd8 Bc3 $16)) 27... Qd4 28. Qe2 Bf6 29. hxg6 hxg6 30. Qe4 {[%emt 0:00:00] Black must now prevent Qxd4.} Qd2 31. Re2 Qd1+ 32. Re1 Qd2 33. g3 Bd4 34. Qe2 Qc3 35. Rd1 Qc6 {[%emt 0:00:37][%cal Rc6h1] The position is equal.} 36. Qg4 e5 37. Rxd4 exd4 38. Qxd4+ Kg8 39. Qd8+ Kg7 40. Qd4+ Kg8 {[%emt 0:00:00] White really could win this.  Weighted Error Value: White=0.19 (very precise) /Black=0.18 (very precise)} 1/2-1/2

[Event "FIDE Candidates Tournament 2022"]
[Site "Madrid"]
[Date "2022.06.21"]
[Round "4.4"]
[White "Ding, Liren"]
[Black "Caruana, Fabiano"]
[Result "1/2-1/2"]
[ECO "D38"]
[WhiteElo "2806"]
[BlackElo "2786"]
[Annotator "TA"]
[PlyCount "127"]
[EventDate "2022.06.17"]
[EventType "tourn"]
[EventCountry "ESP"]
[SourceTitle "playchess.com"]
[Source "ChessBase"]
[SourceQuality "1"]
[TimeControl "40/7200:20/3600:900+30"]

1. d4 Nf6 2. c4 e6 3. Nf3 d5 4. Nc3 Bb4 5. Qa4+ Nc6 6. e3 O-O 7. Qc2 {[%emt 0:00:06] D38: Queen's Gambit Declined: Ragozin Defence (4 Nf3 Bb4).} Na5 8. c5 b6 9. Bd2 {[%emt 0:11:37] [#]} Nc4 $146 ({Predecessor:} 9... bxc5 10. a3 Bxc3 11. Bxc3 Nc6 12. dxc5 Ne4 13. Be2 Nxc3 14. Qxc3 a5 15. O-O Ba6 16. Bxa6 Rxa6 {1-0 (61) Santos Ruiz,M (2560)-Bluebaum,M (2643) chess24.com INT 2019}) 10. a3 Nxd2 11. Nxd2 Bxc3 12. Qxc3 a5 13. Rc1 Ba6 14. cxb6 cxb6 15. Bxa6 Rxa6 16. O-O Ra8 17. Qb3 Rc8 {[%emt 0:15:46] Against Rc6} (17... Qd7 $11 {remains equal.}) 18. Rxc8 $16 Qxc8 19. Qxb6 a4 20. Qb4 Qc2 21. b3 axb3 22. Nxb3 Ne4 {[%emt 0:00:45] [#]} 23. a4 $1 Qc4 24. Qxc4 dxc4 25. Nc5 Nxc5 26. dxc5 $14 {[%emt 0:00:08][%mdl 4096] Endgame aiming for Rc1. KR-KR} Ra8 27. Rb1 $1 {[%emt 0:33:12] [#] Hoping for c6.} Kf8 28. Rb4 $1 c3 {[%emt 0:00:03] Threatens to win with ...c2.} 29. Rc4 {[%emt 0:00:06] Strongly threatening c6.} Ke7 30. Kf1 c2 $1 31. Rxc2 Rxa4 32. Rb2 Ra7 33. Ke2 Kd7 34. Rb8 $1 Rc7 35. Rh8 {[%emt 0:00:09] White is more active.} Ke7 36. Rxh7 g6 37. h4 Rxc5 38. Rh8 f5 39. Rh7+ Kf6 40. Kf3 Rc4 41. g3 Ra4 42. Rd7 g5 43. hxg5+ Kxg5 44. Rd4 Ra3 45. g4 fxg4+ 46. Rxg4+ Kf6 47. Rf4+ Ke7 48. Kg4 Ra5 49. Rb4 Kf6 50. f4 Ra1 51. e4 Rg1+ 52. Kf3 Rf1+ 53. Ke3 Re1+ 54. Kf2 Ra1 55. Rb6 {[%emt 0:00:04] And now f5 would win.} Kf7 56. Kf3 Ra3+ 57. Kg4 Ra1 58. f5 Rg1+ {[%emt 0:00:49] The position is equal.} 59. Kf4 Rf1+ 60. Ke5 {[%emt 0:00:00] White threatens Rb7+ and mate.} exf5 61. Rb7+ Kg6 62. Rb6+ Kf7 63. Rb7+ Kg6 64. Rb6+ {[%emt 0:00:03] Weighted Error Value: White=0.03 (flawless) /Black=0.05 (flawless)} 1/2-1/2

[Event "FIDE Candidates Tournament 2022"]
[Site "Madrid"]
[Date "2022.06.25"]
[Round "7.3"]
[White "Ding, Liren"]
[Black "Firouzja, Alireza"]
[Result "1/2-1/2"]
[ECO "A22"]
[WhiteElo "2806"]
[BlackElo "2804"]
[Annotator "TA"]
[PlyCount "107"]
[EventDate "2022.06.17"]
[EventType "tourn"]
[EventCountry "ESP"]
[SourceTitle "playchess.com"]
[Source "ChessBase"]
[SourceQuality "1"]
[TimeControl "40/7200:20/3600:900+30"]

1. c4 {[%emt 0:00:03] Giri,Anish} e5 2. g3 Nf6 3. Bg2 Bc5 4. d3 O-O 5. Nc3 c6 6. Nf3 {[%emt 0:00:14] A22: English Opening: 1...e5 2 Nc3 Nf6.} d6 7. O-O a5 8. d4 exd4 9. Nxd4 a4 10. Rb1 {[%emt 0:08:00] [#]} Qa5 $146 ({Predecessor:} 10... Re8 11. e3 Qa5 12. Bd2 Bg4 13. f3 Bh5 14. Ne4 Qd8 15. Nxc5 dxc5 16. Ne2 Qd3 {1-0 (52) So,W (2770)-Caruana,F (2820) Bucharest 2021 CBM 203 [Giri,Anish]}) 11. Nc2 Bf5 12. Bd2 Nbd7 13. Rc1 Qa7 14. b3 axb3 15. axb3 Rfe8 16. Na4 Be4 ({But not} 16... Bxf2+ 17. Rxf2 Ng4 18. Be1 $14) 17. Bc3 Bxg2 ({Don't play} 17... Bxf2+ 18. Rxf2 Ng4 19. Bd4 Nxf2 20. Bxf2 $16) 18. Kxg2 d5 19. Nxc5 Qxc5 20. Ne3 dxc4 21. bxc4 Qh5 22. h3 Rad8 23. Qc2 Ne4 24. Rcd1 Nxc3 25. Qxc3 Nf6 (25... Qxe2 $2 26. Rd2 Rxe3 27. Qxe3 Qxe3 28. fxe3 $18) 26. Qb2 b5 {[%emt 0:01:26] The position is equal.} 27. g4 Qc5 28. cxb5 {[%emt 0:00:06] [#] Hoping for Rxd8.} Qxb5 29. Qxb5 cxb5 30. Rxd8 Rxd8 $11 {[%emt 0:00:02][%mdl 4096] Endgame KRN-KRN} 31. Rb1 Rb8 32. Rb4 Ne8 33. Nd5 f6 34. e4 Kf7 35. f4 Ke6 36. Kf3 Kd6 37. Rb1 Nc7 38. Nb4 Ra8 39. e5+ fxe5 {[%emt 0:00:46] [#] White must now prevent ...Ra3+.} 40. Rd1+ Ke7 {[%emt 0:00:00] Strongly threatening ...Ra3+.} 41. Nc6+ Ke6 42. fxe5 {[%emt 0:02:57] Threatens to win with Rd6+.} Ra3+ 43. Ke4 {[%emt 0:02:07] And now Rd6+ would win.} Ra4+ 44. Nd4+ Ke7 {[%emt 0:05:35] aiming for ...Ne6.} 45. Kd3 Ne6 46. Nf5+ Kf8 47. Rc1 Nf4+ 48. Kd2 Rc4 (48... Nxh3 $2 49. e6 Ra2+ 50. Ke1 $18) 49. Rf1 g5 50. h4 Ne6 51. hxg5 Rxg4 52. Nd6+ Rf4 53. Rxf4+ Nxf4 54. Nxb5 {[%emt 0:00:01] An even fight not without its subleties.  Weighted Error Value: White=0.03 (flawless) /Black=0.03 (flawless)} 1/2-1/2

[Event "FIDE Candidates Tournament 2022"]
[Site "Madrid"]
[Date "2022.06.27"]
[Round "9.4"]
[White "Ding, Liren"]
[Black "Duda, Jan-Krzysztof"]
[Result "1-0"]
[ECO "A13"]
[WhiteElo "2806"]
[BlackElo "2750"]
[Annotator "TA"]
[PlyCount "121"]
[EventDate "2022.06.17"]
[EventType "tourn"]
[EventCountry "ESP"]
[SourceTitle "playchess.com"]
[Source "ChessBase"]
[SourceQuality "1"]
[TimeControl "40/7200:20/3600:900+30"]

1. c4 Nf6 2. g3 e6 3. Bg2 d5 4. Nf3 dxc4 5. Qa4+ Nbd7 6. Qxc4 a6 7. Qc2 c5 8. Nc3 Qc7 {[%emt 0:00:25] A13: English Opening: 1...e6.} 9. O-O b6 10. d4 Bb7 {[%emt 0:00:05] White is slightly better.} 11. dxc5 Bxc5 12. Bf4 Bd6 13. Bxd6 Qxd6 14. Rfd1 Qc7 {[%emt 0:02:57] [#]} 15. Rd4 $5 $146 {[%emt 0:00:41][%mdl 8] New and interesting.} ({Predecessor:} 15. Rac1 Rc8 16. Qb1 Qb8 17. Ng5 Bxg2 18. Kxg2 Qb7+ 19. f3 O-O 20. Nce4 Rxc1 21. Rxc1 {½-½ (47) Aronian,L (2797)-Wojtaszek,R (2744) Wijk aan Zee 2015}) 15... O-O 16. Rad1 Rac8 17. Qd2 Nc5 (17... Bc6 {feels hotter.} 18. Ng5 Bxg2 19. Kxg2 Nc5) 18. Qf4 {[%emt 0:00:23] Against e5} Qxf4 19. gxf4 Nce4 20. Nxe4 (20. Na4 $5 ) 20... Bxe4 21. Ne5 Bd5 22. a4 a5 23. e4 Bb3 24. R1d3 Rc1+ 25. Bf1 Bc2 26. Rc3 Rd1 27. Rxd1 Bxd1 28. Rc4 Rd8 29. Nc6 Rd2 30. Nxa5 {[%emt 0:00:28] White wants to mate with Rc8+.} g6 $1 31. Rc8+ Kg7 32. Nc4 Rc2 33. b4 Rc1 34. Nxb6 Rb1 (34... Rxc8 35. Nxc8 Bxa4 36. f3 $16) 35. Kg2 ({Much worse is} 35. e5 Nh5 36. Nc4 Nxf4 $17) 35... Rxb4 36. a5 {[%emt 0:00:57][%cal Oa5a6] Threatens to win with a6!} Rb3 37. Rc1 Bf3+ 38. Kg1 Ra3 39. Nc4 Ra2 40. Ne5 Bxe4 {[%emt 0:00:00] This costs Black the game.} (40... Bh5 $1 $14) 41. Rc7 $18 Nd5 42. Rxf7+ Kg8 43. a6 {[%emt 0:01:49][%cal Ba5a6,Ba6a7][%mdl 32] Hoping for a7.} Nb4 44. Ra7 Nc6 45. Rc7 Nd4 (45... Nxe5 46. fxe5 Ra1) 46. f3 Nxf3+ 47. Nxf3 Bxf3 {[%emt 0:00:06][%mdl 4096] Endgame KRB-KRB} 48. a7 Bd5 49. h4 Ra4 (49... h6 $142 50. Bd3 h5) 50. Bb5 ({Less strong is} 50. Bg2 Ra1+ 51. Bf1 Ra2 $18) 50... Ra5 {[%emt 0:00:32] [#]} 51. Rd7 $1 Ra2 52. Kf1 Bg2+ {[%emt 0:03:08] [#]} 53. Ke1 $1 Bd5 54. Kd1 Kh8 55. Kc1 Be4 56. Rc7 Ra5 (56... Bd5 $142 57. Kb1 Ra5) 57. Bd7 {[%emt 0:02:50] White is clearly winning.} Ra1+ (57... Bd5 $142 58. Kb2 Kg8) 58. Kb2 Rb1+ 59. Ka2 {[%emt 0:00:10] Intending Bc6 and mate.} Rb6 {[%emt 0:00:24] Prevents Bc6.} 60. Ka3 Kg8 61. Ka4 {[%emt 0:01:56] Weighted Error Value: White=0.09 (flawless) /Black=0.26 (precise)} 1-0

[Event "FIDE Candidates Tournament 2022"]
[Site "Madrid"]
[Date "2022.07.01"]
[Round "12.2"]
[White "Ding, Liren"]
[Black "Radjabov, Teimour"]
[Result "0-1"]
[ECO "E48"]
[WhiteElo "2806"]
[BlackElo "2753"]
[Annotator "TA"]
[PlyCount "52"]
[EventDate "2022.06.17"]
[EventType "tourn"]
[EventCountry "ESP"]
[SourceTitle "playchess.com"]
[Source "ChessBase"]
[SourceQuality "1"]
[TimeControl "40/7200:20/3600:900+30"]

1. d4 Nf6 2. c4 e6 3. Nc3 Bb4 4. e3 O-O 5. Bd3 d5 6. cxd5 exd5 7. a3 {[%emt 0:00:04] E48: Nimzo-Indian: Rubinstein: 5 Bd3 d5 including 6 Ne2, but excluding 6 a3.} Bd6 8. Qc2 Na6 $5 {[%emt 0:00:08][%mdl 4] Exploring less charted territory.} 9. Nge2 {[%emt 0:07:36] The position is equal.} c5 10. Bxa6 bxa6 11. dxc5 Bxc5 {[%emt 0:00:04] [#]} 12. b4 $146 ({Predecessor:} 12. O-O Bd6 13. b3 Re8 14. Nd4 a5 15. Ncb5 Ba6 16. Nxd6 Qxd6 17. Rd1 Rac8 18. Qf5 Ne4 19. a4 g6 20. Qf3 Qe5 21. Bb2 Rc5 {½-½ (21) Vecek,M (2164)-Popov,V (2276) ICCF email 2010}) 12... Bd6 13. Bb2 a5 14. b5 a6 15. h3 Bd7 16. bxa6 (16. a4 $11) 16... Rxa6 $15 17. Rd1 Rb6 18. Rd2 (18. Nxd5 Nxd5 19. Rxd5 Qb8 20. Bxg7 (20. Rh5 $2 g6 $19) 20... Kxg7 $17) 18... Qc8 19. f3 ({But not} 19. Nxd5 Nxd5 20. Qxc8 Rxc8 $17) (19. Ba1 $15) 19... Re8 (19... Qb8 $142 20. O-O Rc8) 20. Kf2 Qb8 {[%emt 0:08:02][%cal Oe8e3] aiming for ...Rxe3! Black is more active.} ({And not} 20... Qc5 21. Nd1 $15) 21. Qc1 $2 {[%emt 0:06:07][%mdl 8192] [#] White does not recover from this.} (21. Bc1 $17 {is tougher.}) 21... Rxe3 $3 $19 {[%emt 0:06:39][%mdl 512] ...Bc5 is the strong threat. Black is clearly winning.} 22. Nd1 ({Much weaker is} 22. Kxe3 Bc5+ 23. Nd4 Qe5+ 24. Kf2 Bxd4+ 25. Rxd4 Qxd4+ 26. Kg3 Nh5+ 27. Kh2 Qe5+ 28. f4 Nxf4) 22... Re8 23. Ne3 Rb3 24. Ng4 (24. Bd4 $142) 24... Bxg4 25. hxg4 Rc8 26. Qa1 Bf4 {[%emt 0:04:33] Weighted Error Value: White=0.87/Black=0.15 (very precise)} 0-1

[Event "FIDE Candidates Tournament 2022"]
[Site "Madrid"]
[Date "2022.07.04"]
[Round "14.3"]
[White "Ding, Liren"]
[Black "Nakamura, Hikaru"]
[Result "1-0"]
[ECO "D40"]
[WhiteElo "2806"]
[BlackElo "2760"]
[Annotator "TA"]
[PlyCount "115"]
[EventDate "2022.06.17"]
[EventType "tourn"]
[EventCountry "ESP"]
[SourceTitle "playchess.com"]
[Source "ChessBase"]
[SourceQuality "1"]
[TimeControl "40/7200:20/3600:900+30"]

1. d4 Nf6 2. c4 e6 3. Nf3 d5 4. Nc3 c5 5. e3 Nc6 6. a3 dxc4 7. Bxc4 a6 {[%emt 0:00:03] D40: Queen's Gambit Declined: Semi-Tarrasch with 5 e3.} 8. Bd3 b5 9. dxc5 Bxc5 {[%emt 0:00:06] The position is equal.} 10. b4 Be7 11. O-O Bb7 12. Bb2 O-O 13. Ne4 $5 {[%emt 0:10:22][%mdl 4] Exploring less charted territory.} Nxe4 14. Bxe4 f5 {[%emt 0:00:02] [#]} 15. Bb1 $146 ({Predecessor:} 15. Bc2 Bf6 16. Bxf6 Qxf6 17. Bb3 Rfd8 18. Qc2 Kh8 19. Rfd1 e5 20. Qb2 {½-½ (42) Nozdrachev,L (2411)-Sidorov,A (2293) Samara 2016}) 15... Qxd1 16. Rxd1 Rfd8 17. Ba2 Kf7 18. h4 h6 19. Rdc1 $132 {[%emt 0:08:39][%cal Oc1c6][%mdl 2048] Threatens to win with Rxc6! White is fighting back} Bd6 20. Rc2 Ne7 21. Nd4 Bd5 22. Bxd5 Nxd5 23. Rac1 Rd7 24. Nb3 Be7 25. h5 Bf6 26. Bd4 e5 27. Bc5 Bd8 28. Rd2 {[%emt 0:01:14] And now Rcd1 would win.} Nf6 29. Rxd7+ Nxd7 30. Rd1 Nf6 31. Bd6 Ng4 32. Bc5 Bh4 33. Rd7+ Kg8 34. g3 Bg5 35. Kf1 Bd8 (35... Rd8 $1 $11 36. Rxd8+ Bxd8) 36. Rb7 $16 f4 37. gxf4 exf4 38. e4 (38. exf4 $16 Nf6 39. Kg2) 38... Bf6 (38... f3 $1 $14) 39. Nd4 Re8 40. Kg2 Ne5 {[%emt 0:00:00] [#]} 41. Nf5 $1 {[%emt 0:07:04] White is more active.} f3+ (41... Nc4 $16) 42. Kg3 $18 Nc4 {[%emt 0:00:14] [#]} 43. Be7 $1 {[%emt 0:10:17] Bxf6 is the strong threat.} ({Don't play} 43. Kxf3 $6 Nd2+ 44. Kg4 Nxe4 $16) 43... Bb2 ({Less strong is} 43... Bxe7 44. Nxe7+ Kf8 45. Ng6+ Kg8 46. Kf4 $16 (46. Kxf3 Kh7 $16)) 44. Kxf3 Bxa3 45. Kg3 Ne5 (45... a5 $142) 46. Bc5 Nf7 47. f3 Bc1 (47... a5 $142 48. Rxb5 Bxb4 49. Bxb4 axb4 50. Rxb4 Ng5) 48. Ra7 Bd2 49. Rxa6 Be1+ 50. Kg2 Bc3 51. Ra7 Ng5 52. Ne7+ Kh8 53. Ng6+ Kg8 54. Ne7+ Kh8 $1 55. Nd5 Bb2 56. Ra2 Bc1 (56... Bf6 $142 57. Ra5 Rb8) 57. Rc2 Ba3 58. Be3 {[%emt 0:00:37] Weighted Error Value: White=0.16 (very precise) /Black=0.23 (precise)} 1-0